 Dungeon Crawl Stone Soup version 0.22.1-1-ga44c0e5 (webtiles) character file.

9423 PeMo the Severer (level 11, -2/94 HPs)
             Began as a Deep Dwarf Fighter on Oct 18, 2018.
             Was a Priest of Uskayaw.
             Slain by a wraith (7 damage)
             ... led by Josephine
             ... on level 10 of the Dungeon.
             The game lasted 00:37:05 (7513 turns).

PeMo the Severer (Deep Dwarf Fighter)               Turns: 7513, Time: 00:37:06

Health: -2/94      AC: 16    Str: 26    XL:     11   Next: 22%
Magic:  3/9        EV:  8    Int: 18    God:    Uskayaw [***...]
Gold:   181        SH:  0    Dex: 12    Spells: 10/10 levels left

rFire    . . .     SeeInvis .   a - +0 war axe
rCold    . . .     Gourm    .   (no shield)
rNeg     . . .     Faith    .   J - +4 chain mail of Pann {rElec rCorr Int+5}
rPois    .         Spirit   .   M - +2 hat {Int+3}
rElec    +         Reflect  .   k - +0 cloak
rCorr    +         Harm     .   P - +0 pair of gloves
MR       +....                  (no boots)
Stlth    ..........             (no amulet)
HPRegen  0.00/turn              t - ring of resist corrosion
MPRegen  0.11/turn              L - +4 ring of strength

@: non-regenerating, slowed, very heavily drained, very slow
A: damage resistance, heal wounds, sense surroundings 2, no regeneration
a: Heal Wounds, Stomp, Line Pass, Renounce Religion


You were on level 10 of the Dungeon.
You worshipped Uskayaw.
Uskayaw was noncommittal.
You were very hungry.

You visited 2 branches of the dungeon, and saw 11 of its levels.

You collected 390 gold pieces.
You spent 209 gold pieces at shops.

Inventory:

Hand Weapons
 a - a +0 war axe (weapon)
 z - a +1 dagger of venom
 B - a +1 whip of flaming
 K - a +0 hand crossbow
 R - a +0 short sword of speed
 S - a +4 scimitar of flaming
Missiles
 p - 101 bolts
 v - 128 stones
 I - a throwing net
 N - 2 javelins (quivered)
Armour
 b - a +0 scale mail
 c - a +0 shield
 k - a +0 cloak (worn)
 C - a scarf of cloud immunity
 D - a +0 leather armour of fire resistance
 J - the +4 chain mail of Pann (worn) {rElec rCorr Int+5}
   (You bought it in a shop on level 7 of the Dungeon)

   It affects your intelligence (+5).
   It insulates you from electricity.
   It provides partial protection from all sources of acid and corrosion.
 M - a +2 hat of intelligence (worn)
 P - a +0 pair of gloves (worn)
Jewellery
 t - a ring of resist corrosion (left hand)
 L - a +4 ring of strength (right hand)
Wands
 E - a wand of random effects (30)
 F - a wand of paralysis (2)
 H - a wand of polymorph (20)
Scrolls
 e - 4 scrolls of immolation {unknown}
 g - 2 scrolls of amnesia {unknown}
 j - 3 scrolls of fog {unknown}
 l - 7 scrolls of identify {unknown}
 m - 3 scrolls of noise {unknown}
 o - 4 scrolls of enchant armour {unknown}
 r - a scroll of fear {unknown}
 u - 2 scrolls of blinking {unknown}
 x - 6 scrolls of remove curse {unknown}
 y - 4 scrolls of teleportation {unknown}
 A - 2 scrolls of enchant weapon {unknown}
 G - 4 scrolls of random uselessness {unknown}
 Q - a scroll of holy word {unknown}
Potions
 d - a potion of might
 h - a potion of berserk rage
 i - a potion of brilliance
 n - a potion of agility
 q - a potion of haste {unknown}
 s - 3 potions of curing
 w - 2 potions of resistance
 T - 2 potions of cancellation
Comestibles
 f - 17 rations


   Skills:
 + Level 5.0(1.1) Fighting
 - Level 16.0(10.9) Axes
 + Level 5.1(1.2) Armour
 - Level 3.3(0.0) Shields
 * Level 7.6(3.4) Invocations


You had 10 spell levels left.
You didn't know any spells.
Your spell library was empty.

Dungeon Overview and Level Annotations

Branches:
Dungeon (10/15)            Temple (1/1) D:6
   Lair: D:8-11         Orc: D:9-12

Altars:
Ashenzari
Cheibriados
Dithmenos
Elyvilon
Fedhas
Gozag
Hepliaklqana
Kikubaaqudgha
Makhleb
Nemelex Xobeh
Okawaru
Qazlal
Ru
Sif Muna
Trog
Uskayaw
Vehumet
Wu Jian
Xom
Yredelemnul
Zin
The Shining One
Jiyva

Shops:
D:6 [   D:7 [

Annotations:
D:10 exclusion: oklob plant, Josephine


Innate Abilities, Weirdness & Mutations

You are resistant to damage.
You can heal yourself by infusing magical energy.
You passively map the area around you.
You do not regenerate.


Message History

You hit the wraith but do no damage. You hit the scorpion but do no damage.
You hit the wraith. You slash the wraith! You barely miss the orc.
The wraith hits you.
* * * LOW HITPOINT WARNING * * *
The orc warrior hits you but does no damage.
The scorpion completely misses you. The wraith barely misses you.
The orc hits you but does no damage. The wraith barely misses you.
Josephine hits you with a dagger!
* * * LOW HITPOINT WARNING * * *
The wraith hits you but does no damage.
Uskayaw will force your foes to helplessly watch your dance.
You closely miss Josephine.
Josephine is almost dead.
You hit the orc. You slash the wraith! You completely miss the wraith.
You slash the scorpion! You hit the wraith but do no damage.
The orc warrior hits you from afar with a trident!
* * * LOW HITPOINT WARNING * * *
The scorpion stings you but does no damage.
The wraith hits you!
You die...

###.# , #...# *
###'##### * ,
........######+####
*
........'..##.....#
........##..#.....#
* ,
........###.#..W..+
,,, ........#
#.'..WsW# * ,
........# ###.W@@.#
* , ,, #########
#.ooW.# ,, , <
#...$.# * * *
###'### , * * + *
#. , , * ## * , , *
* ,, * * , , , ,,,
, , , , , , * ,,


You could see Josephine, 5 wraiths, an orc warrior, a scorpion and an orc.

Vanquished Creatures
  Gastronok (D:8)
  Harold (D:7)
  Erica (D:8)
  2 two-headed ogres (D:9)
  Pikel (D:4)
  A queen bee (D:8)
  A hippogriff (D:9)
  A wyvern (D:8)
  Eustachio (D:6)
  Menkaure (D:7)
  Edmund (D:6)
  A water moccasin (D:8)
  2 orc warriors
  An ice beast (D:8)
  A sky beast (D:5)
  A black bear (D:6)
  2 phantoms
  3 ogres
  2 centaurs
  2 big kobolds (D:9)
  3 bullfrogs
  3 scorpions
  14 killer bees (D:8)
  8 howler monkeys (D:9)
  4 crimson imps
  3 hounds
  6 jellies (D:9)
  5 bullfrog skeletons
  2 orc wizards (D:3)
  2 centaur skeletons
  3 iguanas
  Crazy Yiuf (D:4)
  11 worker ants
  A hound zombie (D:9)
  A worker ant zombie (D:5)
  7 gnolls
  12 adders
  A howler monkey skeleton (D:6)
  3 adder skeletons
  3 worms
  A dart slug (D:2)
  5 leopard geckos
  20 orcs
  3 ball pythons
  A giant cockroach (D:1)
  9 hobgoblins
  20 jackals
  5 quokkas
  7 bats
  5 frilled lizards
  7 goblins
  A jackal zombie (D:5)
  24 kobolds
  A leopard gecko zombie (D:9)
  A quokka skeleton (D:4)
  5 rats
235 creatures vanquished.

Vanquished Creatures (others)
  A leopard gecko (D:4)
1 creature vanquished.

Grand Total: 236 creatures vanquished

Notes
Turn   | Place    | Note
-------+----------+-------------------------------------------
     0 | D:1      | PeMo the Deep Dwarf Fighter began the quest for the Orb.
     0 | D:1      | Reached XP level 1. HP: 20/20 MP: 1/1
   115 | D:1      | Reached XP level 2. HP: 27/27 MP: 2/2
   219 | D:1      | Reached skill level 3 in Axes
   666 | D:2      | Reached XP level 3. HP: 25/33 MP: 3/3
   927 | D:2      | Reached skill level 4 in Axes
   928 | D:2      | Reached XP level 4. HP: 32/40 MP: 4/4
  1596 | D:3      | Reached skill level 5 in Axes
  1596 | D:3      | Reached XP level 5. HP: 18/46 MP: 4/4
  2147 | D:4      | Noticed a phantom
  2172 | D:4      | Killed a phantom
  2172 | D:4      | Reached skill level 6 in Axes
  2172 | D:4      | Reached skill level 5 in Armour
  2172 | D:4      | Reached XP level 6. HP: 27/55 MP: 5/5
  2308 | D:4      | Noticed a slave
  2308 | D:4      | Noticed Pikel
  2310 | D:4      | Noticed a slave
  2310 | D:4      | Noticed a slave
  2310 | D:4      | Noticed a slave
  2332 | D:4      | Killed Pikel
  2332 | D:4      | Reached skill level 8 in Axes
  2332 | D:4      | Reached XP level 7. HP: 24/61 MP: 6/6
  2395 | D:4      | Reached skill level 9 in Axes
  2609 | D:4      | Reached XP level 8. HP: 38/68 MP: 6/6
  2662 | D:4      | Found a runed door.
  3153 | D:4      | Noticed Crazy Yiuf
  3157 | D:4      | Killed Crazy Yiuf
  3278 | D:5      | Entered Level 5 of the Dungeon
  3301 | D:5      | Reached skill level 10 in Axes
  3870 | D:6      | Found Ujererr's Armour Shop.
  3876 | D:6      | Reached skill level 11 in Axes
  4020 | D:6      | Found a staircase to the Ecumenical Temple.
  4027 | Temple   | Entered the Ecumenical Temple
  4175 | D:6      | Noticed Edmund
  4192 | D:6      | Killed Edmund
  4253 | D:6      | Noticed Eustachio
  4289 | D:6      | Killed Eustachio
  4289 | D:6      | Reached skill level 12 in Axes
  4491 | D:7      | Noticed Menkaure
  4501 | D:7      | Killed Menkaure
  4501 | D:7      | Gained mutation: You passively map the area around you.
                  | [Deep Dwarf growth]
  4501 | D:7      | Reached XP level 9. HP: 55/74 MP: 6/6
  4630 | D:7      | Noticed Harold
  4661 | D:7      | Killed Harold
  4661 | D:7      | Reached skill level 13 in Axes
  4761 | D:7      | Found a deep blue altar of Sif Muna.
  5011 | D:7      | Found Leesmonovo's Antique Armour Boutique.
  5019 | D:7      | Bought a polished chain mail for 209 gold pieces
  5029 | D:7      | Identified the +4 chain mail of Pann {rElec rCorr Int+5}
                  | (You bought it in a shop on level 7 of the Dungeon)
  5181 | D:8      | Found a blossoming altar of Fedhas.
  5207 | D:8      | Noticed Gastronok
  5241 | D:8      | Killed Gastronok
  5241 | D:8      | Reached skill level 15 in Axes
  5241 | D:8      | Reached XP level 10. HP: 70/81 MP: 6/6
  5529 | D:8      | Found a bloodstained altar of Trog.
  5569 | D:8      | Found a burning altar of Makhleb.
  5569 | D:8      | Found a sparkling altar of Nemelex Xobeh.
  5569 | D:8      | Found a hide-covered altar of Uskayaw.
  5579 | D:8      | Became a worshipper of Uskayaw the Reveler
  5645 | D:8      | Reached * piety under Uskayaw
  5684 | D:8      | Reached skill level 1 in Invocations
  5700 | D:8      | Reached ** piety under Uskayaw
  5757 | D:8      | Reached *** piety under Uskayaw
  5859 | D:8      | Noticed Erica
  5896 | D:8      | Killed Erica
  5940 | D:8      | Found a radiant altar of Vehumet.
  6059 | D:9      | Reached skill level 5 in Invocations
  6129 | D:9      | Found a viscous altar of Jiyva.
  6599 | D:9      | Reached XP level 11. HP: 65/93 MP: 2/9
  6605 | D:9      | Noticed a two-headed ogre
  6619 | D:9      | Killed a two-headed ogre
  6619 | D:9      | Reached skill level 16 in Axes
  6619 | D:9      | Noticed a two-headed ogre
  6640 | D:9      | Killed a two-headed ogre
  6859 | D:9      | Found a snail-covered altar of Cheibriados.
  7419 | D:9      | Reached skill level 5 in Fighting
  7427 | D:10     | Entered Level 10 of the Dungeon
  7433 | D:10     | Found an ancient bone altar of Kikubaaqudgha.
  7433 | D:10     | Noticed an oklob plant
  7486 | D:10     | Noticed Josephine
  7513 | D:10     | Slain by a wraith

Skill      XL: |  1  2  3  4  5  6  7  8  9 10 11 |
---------------+----------------------------------+-----
Axes           | 3 4 5 6 8 9 12 15 16 | 16.0
Armour         | 4 5 |  5.1
Fighting       | 4 5 |  5.0
Invocations    | 6 7 |  7.6
Shields        | |  3.3

Action                   |  1- 3 |  4- 6 |  7- 9 | 10-12 || total
-------------------------+-------+-------+-------+-------++-------
Melee: War axe           |   116 |   190 |   295 |   314 ||   915
Throw: Stone             |       |    18 |    10 |     1 ||    29
       Javelin           |       |       |       |     2 ||     2
Invok: Stomp             |       |       |       |    18 ||    18
       Line Pass         |       |       |       |     3 ||     3
 Abil: Heal Wounds       |     1 |     4 |    18 |    15 ||    38
Evoke: Wand              |       |       |     2 |     9 ||    11
  Use: Potion            |       |       |    13 |     3 ||    16
 Stab: Paralysed         |       |       |     2 |    17 ||    19
  Eat: Chunk             |       |     5 |     9 |    11 ||    25
Armor: Scale mail        |    80 |   106 |    91 |       ||   277
       Skin              |       |       |     1 |       ||     1
       Chain mail        |       |       |    17 |   216 ||   233
Dodge: Dodged            |    74 |   120 |   123 |   134 ||   451
